 Dungeon Crawl Stone Soup version 0.29.1 (webtiles) character file.

Game seed: 9608287488357493012

6341 qw the Severer (level 10, 0/91 HPs)
             Began as a Minotaur Berserker on Sept 13, 2022.
             Was a Priest of Trog.
             Succumbed to a killer bee's poison
             ... on level 9 of the Dungeon.
             The game lasted 00:02:59 (9491 turns).

qw the Severer (Minotaur Berserker)                 Turns: 9491, Time: 00:03:00

Health: 0/91       AC: 15    Str: 26    XL:     10   Next: 64%
Magic:  9/9        EV: 12    Int: -1 (4) God:    Trog [***...]
Gold:   490        SH:  0    Dex: 14    Spells: 9/9 levels left

rFire   . . .      SeeInvis .   p - +0 war axe (venom)
rCold   . . .      Faith    .   (no shield)
rNeg    + . .      Spirit   .   t - +0 plate armour
rPois   .          Reflect  .   (helmet unavailable)
rElec   .          Harm     .   (no cloak)
rCorr   .          Rampage  .   e - +1 pair of gloves of Xicygifu {Fly rN+ Dex-2}
Will    .....                   (no boots)
Stlth   ..........              (no amulet)
HPRegen 0.25/turn               i - +4 ring of evasion
MPRegen 0.11/turn               a - +6 ring of dexterity

@: confused, lethally poisoned (0 -> -1), flying, slowed, lost intelligence,
unable to read, very slow
A: horns 3, retaliatory headbutt, sense surroundings 1
a: Renounce Religion, Berserk, Trog's Hand


You were on level 9 of the Dungeon.
You worshipped Trog.
Trog was most pleased with you.
You visited 1 branch of the dungeon, and saw 9 of its levels.
You also visited: Sewer.

You collected 490 gold pieces.


Innate Abilities, Weirdness & Mutations

You have a pair of large horns on your head.
You reflexively headbutt those who attack you in melee.
You passively map a small area around you.


   Skills:
 - Level 9.3 Fighting
 + Level 15.6 Axes
 - Level 2.0 Throwing
 - Level 7.4 Armour
 - Level 3.0 Dodging


You had 9 spell levels left.
You didn't know any spells.
Your spell library was empty.

Inventory:

Hand Weapons
 p - a +0 war axe of venom (weapon)
 u - a +0 morningstar of freezing
Missiles
 h - 11 boomerangs (quivered)
Armour
 e - the +1 pair of gloves of Xicygifu (worn) {Fly rN+ Dex-2}
   (You acquired it in a sewer)

   Dex:       It affects your dexterity (-2).
   rN:        It protects you from negative energy.
   Fly:       It grants you flight.
 t - a +0 plate armour (worn)
Jewellery
 a - a +6 ring of dexterity (right hand)
 i - a +4 ring of evasion (left hand)
Scrolls
 b - a scroll of blinking {unknown}
 m - 3 scrolls of identify
 q - a scroll of teleportation
Potions
 c - a potion of resistance
 d - 2 potions of cancellation
 f - 2 potions of haste
 k - a potion of mutation

Dungeon Overview and Level Annotations

Branches:
Dungeon (9/15)             Temple (0/1) D:5           Sewer (visited)
   Lair: D:8-11         Orc: D:9-12

Altars:
Kikubaaqudgha
Okawaru
Xom
Zin
The Shining One

Shops:
D:8 *   D:9 *


Message History

You hit the yak.
The yak looks as sick as possible!
The yak is almost dead.
You slash the yak!
You kill the yak!
The yak's corpse dissolves into shadows!
You closely miss the yak. You barely miss the killer bee. You hit the yak.
You slash the howler monkey!
You kill the howler monkey!
The howler monkey's corpse dissolves into shadows!
You feel sick.
The killer bee stings you but does no damage.
The orange crystal statue glitters.
You resist with almost no effort.
You feel sick. The killer bee stings you. The yak gores you but does no damage.
The yak barely misses you.
The killer bee stings you but does no damage.
The orange crystal statue fixes its piercing gaze on you.
You feel dopey.
You have lost your intelligence.
Something feeds on your intellect!
You feel sick. The killer bee barely misses you. The yak barely misses you.
The yak gores you but does no damage. The yak barely misses you. x2
The killer bee stings you.
You feel sick.
You kill the yak!
The yak's corpse dissolves into shadows!
The killer bee stings you.
The yak gores you. x3; The killer bee stings you.
You feel sick. The killer bee barely misses you. The yak gores you.
The yak gores you but does no damage. The yak completely misses you.
The killer bee stings you.
You can move again.
You slice the yak!!
The yak is poisoned.
The yak is heavily wounded.
You slash the yak!
The yak looks as sick as possible!
You hit the yak.
The yak is poisoned.
You slash the killer bee!
The killer bee is poisoned.
You feel sick.
You kill the killer bee!
The killer bee's corpse dissolves into shadows!
The yak barely misses you. The yak gores you but does no damage.
The yak barely misses you.
You die...

########## ,.........## ###
..........# ##.# ..........#
##..## ..........#
######..... ...!......###
#.##.##....
...8...Y@.#.###.#........
......Y.............##... ,
......Y.........#...#....
................##.......
...............###....... *
,,,.$.......))....##........
*, #........))............).
* *
#...##...................
##...###...................


You could see an orange crystal statue and 3 yaks.

Vanquished Creatures
  Gastronok (D:8)
  Pikel (D:8)
  A cyclops (D:7)
  4 yaks (D:9)
  Grum (D:8)
  A steam dragon (D:7)
  A water moccasin (D:9)
  Pargi (Sewer)
  An ice beast (D:7)
  2 sky beasts (D:7)
  2 black bears
  2 orc warriors
  2 ogres
  4 wolves (D:8)
  4 centaurs
  3 phantoms
  A kobold brigand (D:9)
  2 bullfrogs
  A gnoll sergeant (D:9)
  3 necrophages
  2 scorpions
  A wight (D:7)
  3 killer bees (D:9)
  3 howler monkeys
  2 jellies
  4 hounds
  2 gnoll boudas
  An orc priest (D:8)
  4 iguanas
  9 orc wizards
  9 gnolls
  4 adders
  4 white imps
  A worm (D:4)
  A dart slug (D:5)
  27 orcs
  8 ball pythons
  4 endoplasms
  5 giant cockroaches
  4 hobgoblins
  6 jackals
  10 kobolds
  2 quokkas (D:1)
  4 bats
  4 frilled lizards
  7 goblins
  6 rats
175 creatures vanquished.

Notes
Turn   | Place    | Note
-------+----------+-------------------------------------------
     0 | D:1      | qw the Minotaur Berserker began the quest for the Orb.
     0 | D:1      | Reached XP level 1. HP: 19/19 MP: 0/0
     0 | D:1      | 0 ||| qw: Version: 0.1-a-119-g272c26d
     0 | D:1      | 0 ||| qw: Game counter: 11261
     0 | D:1      | 0 ||| qw: Always use a shield: true
     0 | D:1      | 0 ||| qw: Do Orc after D:15 true
     0 | D:1      | 0 ||| qw: Do second Lair branch before Depths: true
     0 | D:1      | 0 ||| qw: Lair rune preference: random
     0 | D:1      | 0 ||| qw: Plans: Normal
     0 | D:1      | 0 ||| PLANNING D:1-11
    36 | D:1      | 36 ||| Stepping ~*~*~tactically~*~*~ (stealth).
    38 | D:1      | 38 ||| Stepping ~*~*~tactically~*~*~ (stealth).
    40 | D:1      | 40 ||| Stepping ~*~*~tactically~*~*~ (stealth).
    49 | D:1      | 49 ||| Stepping ~*~*~tactically~*~*~ (stealth).
    51 | D:1      | 51 ||| Stepping ~*~*~tactically~*~*~ (stealth).
    53 | D:1      | 53 ||| Stepping ~*~*~tactically~*~*~ (stealth).
    56 | D:1      | 56 ||| Stepping ~*~*~tactically~*~*~ (stealth).
    58 | D:1      | 58 ||| Stepping ~*~*~tactically~*~*~ (stealth).
    59 | D:1      | 59 ||| Stepping ~*~*~tactically~*~*~ (stealth).
    68 | D:1      | Reached skill level 4 in Axes
   332 | D:1      | 332 ||| Stepping ~*~*~tactically~*~*~ (stealth).
   338 | D:1      | Reached XP level 2. HP: 22/26 MP: 1/1
   345 | D:1      | 345 ||| INVOKING Berserk.
   346 | D:1      | 346 ||| INVOKING Berserk.
   772 | D:1      | Reached skill level 5 in Axes
   782 | D:1      | Reached XP level 3. HP: 29/31 MP: 2/2
  1180 | D:1      | 1180 ||| UPGRADING to +0 pair of gloves.
  1185 | D:1      | 1185 ||| UPGRADING to +0 ring mail.
  1195 | D:1      | 1195 ||| DROPPING +0 animal skin.
  1196 | D:1      | 1196 ||| UPGRADING to +4 ring of evasion.
  1197 | D:1      | 1197 ||| READING scroll labelled ETIFE KI QAU.
  1198 | D:1      | 1198 ||| READING scroll labelled RIR IDUOHEIMM.
  1199 | D:1      | 1199 ||| READING scroll labelled QICUSO EHOAPT.
  1203 | D:1      | 1203 ||| READING scroll labelled VOTUYCHIGOJI.
  1204 | D:1      | 1204 ||| DRINKING 2 ruby potions.
  1205 | D:1      | 1205 ||| DROPPING potion of attraction.
  1206 | D:1      | 1206 ||| Stepping randomly (stuck).
  1207 | D:1      | 1207 ||| Stepping ~*~*~tactically~*~*~ (cloud).
  1689 | D:2      | 1689 ||| DROPPING +0 club.
  1734 | D:2      | Found a faded altar of an unknown god.
  1762 | D:2      | 1762 ||| Stepping ~*~*~tactically~*~*~ (hiding).
  1798 | D:2      | 1798 ||| INVOKING Berserk.
  1800 | D:2      | Reached XP level 4. HP: 24/39 MP: 3/3
  1993 | D:2      | 1993 ||| SWAPPING to +0 war axe.
  1994 | D:2      | 1994 ||| DROPPING +0 hand axe.
  2242 | D:2      | 2242 ||| UPGRADING to +0 chain mail.
  2252 | D:2      | 2252 ||| DROPPING +0 ring mail.
  2253 | D:2      | 2253 ||| READING scroll labelled NIPOIDGH WEWKO.
  2254 | D:2      | 2254 ||| DRINKING 2 black potions.
  2255 | D:2      | 2255 ||| DROPPING potion of flight.
  2305 | D:3      | Reached ** piety under Trog
  2310 | D:3      | 2310 ||| Stepping ~*~*~tactically~*~*~ (stealth).
  2341 | D:3      | 2341 ||| Stepping ~*~*~tactically~*~*~ (stealth).
  2385 | D:3      | 2385 ||| Stepping ~*~*~tactically~*~*~ (stealth).
  2387 | D:3      | 2387 ||| Stepping ~*~*~tactically~*~*~ (stealth).
  2389 | D:3      | 2389 ||| Stepping ~*~*~tactically~*~*~ (stealth).
  2405 | D:3      | 2405 ||| DROPPING +0 mace.
  2425 | D:3      | 2425 ||| Stepping ~*~*~tactically~*~*~ (hiding).
  2427 | D:3      | 2427 ||| Stepping ~*~*~tactically~*~*~ (hiding).
  2429 | D:3      | 2429 ||| INVOKING Berserk.
  2438 | D:3      | Reached skill level 6 in Axes
  2805 | D:3      | 2805 ||| READING scroll labelled MENIYH ZAOTHAU.
  2806 | D:3      | 2806 ||| DRINKING 3 metallic orange potions.
  2807 | D:3      | 2807 ||| DRINKING 2 murky black potions.
  2828 | D:4      | 2828 ||| PLANNING SEWER
  2891 | D:4      | Noticed a necrophage
  2895 | D:4      | Killed a necrophage
  2896 | D:4      | Reached XP level 5. HP: 45/45 MP: 4/4
  2960 | D:4      | Reached skill level 7 in Axes
  3050 | D:4      | Reached XP level 6. HP: 53/53 MP: 5/5
  3102 | D:4      | Found a glowing drain.
  3104 | D:4      | 3104 ||| READING scroll labelled BIMEMOLIMI.
  3105 | D:4      | 3105 ||| FLEEEEING.
  3123 | D:4      | 3123 ||| FLEEEEING.
  3124 | D:4      | 3124 ||| FLEEEEING.
  3125 | D:4      | 3125 ||| FLEEEEING.
  3126 | D:4      | 3126 ||| FLEEEEING.
  3127 | D:4      | 3127 ||| FLEEEEING.
  3131 | D:4      | 3131 ||| FLEEEEING.
  3132 | D:4      | 3132 ||| STAIRDANCE
  3137 | D:4      | 3137 ||| FLEEEEING.
  3138 | D:4      | 3138 ||| STAIRDANCE
  3142 | D:4      | 3142 ||| STAIRDANCE
  3148 | D:4      | 3148 ||| STAIRDANCE
  3171 | Sewer    | Entered a sewer
  3202 | Sewer    | 3202 ||| Stepping ~*~*~tactically~*~*~ (water).
  3239 | Sewer    | 3239 ||| Stepping ~*~*~tactically~*~*~ (water).
  3243 | Sewer    | Noticed Pargi
  3249 | Sewer    | Killed Pargi
  3267 | Sewer    | Reached skill level 8 in Axes
  3314 | Sewer    | 3314 ||| Stepping ~*~*~tactically~*~*~ (water).
  3352 | Sewer    | 3352 ||| READING scroll labelled IRIMIGUEXUM.
  3352 | Sewer    | Identified a scroll of acquirement
  3352 | Sewer    | 3352 ||| ACQUIRING +1 pair of gloves of Xicygifu {Fly rN+
                  | Dex-2}
  3352 | Sewer    | Acquired the +1 pair of gloves of Xicygifu {Fly rN+ Dex-2}
  3354 | Sewer    | 3354 ||| UPGRADING to +1 pair of gloves of Xicygifu {Fly
                  | rN+ Dex-2}.
  3364 | Sewer    | 3364 ||| DROPPING +0 pair of gloves.
  3447 | Sewer    | 3447 ||| READING scroll labelled TOBBUA GOCECS.
  3448 | Sewer    | 3448 ||| READING scroll labelled SOUHES APPARR.
  3469 | D:4      | 3469 ||| PLANNING D:1-11
  3791 | D:4      | 3791 ||| DROPPING ring of magical power.
  3848 | D:5      | Entered Level 5 of the Dungeon
  3895 | D:5      | Reached skill level 9 in Axes
  3895 | D:5      | Reached XP level 7. HP: 54/60 MP: 6/6
  3915 | D:5      | 3915 ||| Stepping ~*~*~tactically~*~*~ (stealth).
  3926 | D:5      | 3926 ||| INVOKING Berserk.
  4066 | D:5      | Identified the +4 whip of the Forest {antimagic, rCorr
                  | Str+3 Int+4}
  4076 | D:5      | 4076 ||| INVOKING Berserk.
  4216 | D:5      | 4216 ||| Stepping ~*~*~tactically~*~*~ (stealth).
  4219 | D:5      | 4219 ||| Stepping ~*~*~tactically~*~*~ (hiding).
  4221 | D:5      | 4221 ||| Stepping ~*~*~tactically~*~*~ (hiding).
  4222 | D:5      | 4222 ||| Stepping ~*~*~tactically~*~*~ (hiding).
  4246 | D:5      | 4246 ||| Stepping ~*~*~tactically~*~*~ (stealth).
  4254 | D:5      | 4254 ||| Stepping ~*~*~tactically~*~*~ (stealth).
  4259 | D:5      | 4259 ||| Stepping ~*~*~tactically~*~*~ (stealth).
  4349 | D:5      | 4349 ||| Stepping ~*~*~tactically~*~*~ (stealth).
  4351 | D:5      | 4351 ||| Stepping ~*~*~tactically~*~*~ (hiding).
  4357 | D:5      | 4357 ||| INVOKING Berserk.
  4491 | D:5      | 4491 ||| DROPPING +0 flail.
  4492 | D:5      | 4492 ||| DROPPING +4 whip of the Forest {antimagic, rCorr
                  | Str+3 Int+4}.
  4531 | D:5      | Found an ancient bone altar of Kikubaaqudgha.
  4534 | D:5      | 4534 ||| INVOKING Berserk.
  4723 | D:5      | Found a staircase to the Ecumenical Temple.
  4762 | D:5      | Reached skill level 10 in Axes
  4762 | D:5      | Reached XP level 8. HP: 68/68 MP: 7/7
  4798 | D:5      | 4798 ||| Stepping ~*~*~tactically~*~*~ (hiding).
  4972 | D:5      | Found a glowing golden altar of the Shining One.
  5054 | D:5      | 5054 ||| UPGRADING to +0 plate armour.
  5064 | D:5      | 5064 ||| DROPPING +0 chain mail.
  5065 | D:5      | 5065 ||| DROPPING ring of flight.
  5066 | D:5      | 5066 ||| READING scroll labelled XICVIVOOSO.
  5067 | D:5      | 5067 ||| READING scroll labelled YBOM JOATIANN.
  5068 | D:5      | 5068 ||| DRINKING 2 lumpy silvery potions.
  5069 | D:5      | 5069 ||| DRINKING 2 cyan potions.
  5070 | D:5      | 5070 ||| DROPPING potion of invisibility.
  5193 | D:6      | Reached skill level 6 in Fighting
  5286 | D:6      | 5286 ||| INVOKING Berserk.
  5521 | D:6      | 5521 ||| INVOKING Berserk.
  5605 | D:6      | 5605 ||| DROPPING +2 flail of venom.
  5760 | D:6      | Reached skill level 11 in Axes
  5912 | D:6      | 5912 ||| INVOKING Berserk.
  6118 | D:6      | 6118 ||| Stepping ~*~*~tactically~*~*~ (hiding).
  6241 | D:6      | 6241 ||| UPGRADING to +6 ring of intelligence.
  6242 | D:6      | 6242 ||| READING scroll labelled RUARCH WAABRUA.
  6243 | D:6      | 6243 ||| READING scroll labelled BUDIJ PUAWOS.
  6244 | D:6      | 6244 ||| DRINKING 2 viscous coppery potions.
  6273 | D:6      | 6273 ||| DROPPING potion of lignification.
  6335 | D:7      | Found a shimmering altar of Xom.
  6401 | D:7      | 6401 ||| INVOKING Berserk.
  6537 | D:7      | 6537 ||| Stepping ~*~*~tactically~*~*~ (cloud).
  6541 | D:7      | 6541 ||| INVOKING Berserk.
  6786 | D:7      | Found an iron altar of Okawaru.
  7023 | D:7      | 7023 ||| Stepping ~*~*~tactically~*~*~ (hiding).
  7025 | D:7      | 7025 ||| Stepping ~*~*~tactically~*~*~ (hiding).
  7034 | D:7      | Reached skill level 12 in Axes
  7035 | D:7      | Reached XP level 9. HP: 78/78 MP: 8/8
  7092 | D:7      | 7092 ||| Stepping ~*~*~tactically~*~*~ (hiding).
  7096 | D:7      | 7096 ||| INVOKING Berserk.
  7097 | D:7      | Noticed a cyclops
  7110 | D:7      | Killed a cyclops
  7264 | D:7      | Reached *** piety under Trog
  7597 | D:7      | 7597 ||| DRINKING 2 fuming brown potions.
  7598 | D:7      | 7598 ||| DRINKING 2 bubbling white potions.
  7598 | D:7      | Gained mutation: You have a pair of large horns on your
                  | head. [potion of mutation]
  7598 | D:7      | Gained mutation: You passively map a small area around you.
                  | [potion of mutation]
  7599 | D:7      | 7599 ||| DRINKING 3 silvery potions.
  7700 | D:7      | 7700 ||| DRINKING 2 bubbling green potions.
  7701 | D:7      | 7701 ||| READING 5 scrolls of identify.
  7701 | D:7      | 7701 ||| IDENTIFYING murky green potion
  7702 | D:7      | 7702 ||| READING 4 scrolls of identify.
  7702 | D:7      | 7702 ||| IDENTIFYING fizzy pink potion
  7703 | D:7      | 7703 ||| READING 3 scrolls of identify.
  7703 | D:7      | 7703 ||| IDENTIFYING red potion
  7704 | D:7      | 7704 ||| DROPPING potion of berserk rage.
  7705 | D:7      | 7705 ||| DROPPING potion of degeneration.
  7706 | D:7      | 7706 ||| DROPPING 2 potions of ambrosia.
  7707 | D:7      | 7707 ||| DROPPING potion of magic.
  7730 | D:8      | Noticed Pikel
  7731 | D:8      | 7731 ||| Stepping ~*~*~tactically~*~*~ (hiding).
  7740 | D:8      | 7740 ||| INVOKING Berserk.
  7744 | D:8      | Killed Pikel
  7745 | D:8      | Reached skill level 13 in Axes
  7905 | D:8      | 7905 ||| Stepping ~*~*~tactically~*~*~ (stealth).
  7919 | D:8      | 7919 ||| FLEEEEING.
  7921 | D:8      | 7921 ||| FLEEEEING.
  7952 | D:8      | 7952 ||| Stepping ~*~*~tactically~*~*~ (stealth).
  7956 | D:8      | 7956 ||| Stepping ~*~*~tactically~*~*~ (stealth).
  7957 | D:8      | 7957 ||| Stepping ~*~*~tactically~*~*~ (stealth).
  8053 | D:8      | 8053 ||| Stepping ~*~*~tactically~*~*~ (hiding).
  8058 | D:8      | 8058 ||| INVOKING Berserk.
  8240 | D:8      | 8240 ||| Stepping ~*~*~tactically~*~*~ (stealth).
  8246 | D:8      | Noticed Grum
  8247 | D:8      | Noticed Gastronok
  8250 | D:8      | 8250 ||| INVOKING Berserk.
  8256 | D:8      | Killed Grum
  8257 | D:8      | Reached skill level 14 in Axes
  8257 | D:8      | Reached XP level 10. HP: 79/88 MP: 9/9
  8264 | D:8      | Killed Gastronok
  8265 | D:8      | Reached skill level 15 in Axes
  8265 | D:8      | Found Epseuwes's CLEARANCE SALE!.
  8492 | D:8      | 8492 ||| Stepping ~*~*~tactically~*~*~ (stealth).
  8562 | D:8      | 8562 ||| DRINKING 4 potions of curing.
  8562 | D:8      | 8562 ||| (to cure confusion)
  8784 | D:8      | 8784 ||| UPGRADING to +6 ring of dexterity.
  8786 | D:8      | 8786 ||| DROPPING +6 ring of intelligence.
  8848 | D:9      | Found a glowing silver altar of Zin.
  8848 | D:9      | Found Zin's Purification Station.
  8856 | D:9      | Noticed an orange crystal statue
  8861 | D:9      | Reached skill level 3 in Dodging
  8861 | D:9      | 8861 ||| DRINKING 3 potions of curing.
  8861 | D:9      | 8861 ||| (to cure confusion)
  8867 | D:9      | 8867 ||| INVOKING Berserk.
  8871 | D:9      | Reached skill level 9 in Fighting
  8878 | D:9      | 8878 ||| DRINKING 2 potions of curing.
  8878 | D:9      | 8878 ||| (to cure confusion)
  8878 | D:9      | HP: 18/91 [gnoll/+0 halberd[an orange crystal statue] (9)]
  8879 | D:9      | 8879 ||| READING 3 scrolls of teleportation.
  8879 | D:9      | HP: 8/91 [gnoll/+2 halberd of distortion[an orange crystal
                  | statue] (9)]
  8880 | D:9      | 8880 ||| DRINKING potion of heal wounds.
  8882 | D:9      | 8882 ||| Stepping ~*~*~tactically~*~*~ (stealth).
  8883 | D:9      | 8883 ||| READING 2 scrolls of teleportation.
  9189 | D:9      | 9189 ||| Stepping ~*~*~tactically~*~*~ (stealth).
  9278 | D:9      | 9278 ||| Stepping ~*~*~tactically~*~*~ (hiding).
  9372 | D:9      | 9372 ||| Stepping ~*~*~tactically~*~*~ (hiding).
  9379 | D:9      | 9379 ||| Stepping ~*~*~tactically~*~*~ (hiding).
  9381 | D:9      | 9381 ||| Stepping ~*~*~tactically~*~*~ (hiding).
  9382 | D:9      | 9382 ||| Stepping ~*~*~tactically~*~*~ (hiding).
  9400 | D:9      | 9400 ||| Stepping ~*~*~tactically~*~*~ (stealth).
  9471 | D:9      | 9471 ||| DRINKING potion of curing.
  9471 | D:9      | 9471 ||| (to cure confusion)
  9486 | D:9      | Lost intelligence.
  9488 | D:9      | HP: 20/91 [yak[an orange crystal statue] (4)]
  9488 | D:9      | HP: 9/91 [killer bee[an orange crystal statue] (2)]
  9489 | D:9      | HP: 2/91 [killer bee[an orange crystal statue] (6)]
  9491 | D:9      | Succumbed to a killer bee's poison

Levels and vault maps discovered:
D:1:      lightli_arrival_boilingwater, layout_basic, minmay_vboxes
D:2:      layout_basic, basic_ecumenical_altar
D:3:      layout_rooms
D:4:      layout_loops_ring, cheibrodos_sewer_entry_sluice
D:5:      layout_rooms, kennysheep_little_box, tso_altar,
          minmay_temple_entry_enclosed_plants
D:6:      layout_layer_cave, minmay_fountain_box, nrook_loot_triangle
D:7:      minmay_razor_zed, layout_basic, mainiacjoe_overflow_catch_the_wave
D:8:      layout_basic, nicolae_shop_clearance, uniq_pikel, uniq_grum,
          uniq_gastronok
D:9:      layout_cave_pools, zin_purify, minivault_16, minmay_joined_circles

Skill      XL: |  1  2  3  4  5  6  7  8  9 10 |
---------------+-------------------------------+-----
Axes           | 4 5 6 7 9 10 12 14 15 | 15.6
Throwing       | 2 |  2.0
Fighting       | 4 5 6 8 9 |  9.3
Armour         | 4 5 7 |  7.4
Dodging        | 3 |  3.0

Action                   |  1- 3 |  4- 6 |  7- 9 | 10-12 || total
-------------------------+-------+-------+-------+-------++-------
Melee: Hand axe          |    79 |       |       |       ||    79
       Headbutt          |     8 |    10 |    39 |    17 ||    74
       War axe           |       |    60 |   163 |    61 ||   284
       Punch             |       |       |     2 |     4 ||     6
Throw: Boomerang         |    15 |     7 |    60 |    17 ||    99
       Javelin           |     2 |    27 |    13 |       ||    42
Invok: Berserk           |     2 |     1 |    13 |     1 ||    17
  Use: Scroll            |     4 |     6 |     7 |     2 ||    19
       Potion            |     1 |     3 |     7 |     5 ||    16
 Stab: Distracted        |       |       |     1 |       ||     1
Armor: Animal skin       |     7 |       |       |       ||     7
       Ring mail         |     5 |       |       |       ||     5
       Chain mail        |       |    19 |    10 |       ||    29
       Plate armour      |       |       |    49 |    50 ||    99
Dodge: Dodged            |    56 |    39 |    73 |    81 ||   249

Table legend:
 A = Non-vault XP
 B = Vault XP
 C = Vault XP percentage of total XP
 D = Non-vault monster count
 E = Vault monster count
 F = Vault count percentage of total count
                 A         B        C        D         E       F
            +---------+---------+-------+---------+---------+-------
      Total |    4971 |    4088 |  45.1 |     143 |      32 |  18.3
            +---------+---------+-------+---------+---------+-------
        D:1 |      37 |      10 |  21.3 |      21 |       6 |  22.2
        D:2 |      53 |       0 |   0.0 |      10 |       0 |   0.0
        D:3 |      82 |       0 |   0.0 |      19 |       0 |   0.0
        D:4 |     257 |       6 |   2.3 |      11 |       2 |  15.4
        D:5 |     842 |       0 |   0.0 |      18 |       0 |   0.0
        D:6 |     662 |       0 |   0.0 |      15 |       0 |   0.0
        D:7 |     871 |    1138 |  56.6 |      11 |       9 |  45.0
        D:8 |     591 |    2788 |  82.5 |      16 |       7 |  30.4
        D:9 |    1576 |       0 |   0.0 |      22 |       0 |   0.0
      Sewer |       0 |     146 | 100.0 |       0 |       8 | 100.0
            +---------+---------+-------+---------+---------+-------
